BLB
NEW ORLEANS VOODOO @ SANTO DOMINGO RUM RUNNERS
06/03/2059
 
TOP OF THE 1ST
New Orleans Voodoo batting - Pitching for Santo Domingo Rum Runners : RHP Jaeden Winstead
Pitching: RHP Jaeden Winstead
Batting: LHB Jordy Wovchanoff 0-0: Ball
1-0: Ball
2-0: Ball
3-0: Base on Balls
Batting: LHB Daryl Walken 0-0: Ball
1-0: SINGLE (Groundball, 34S, EV 71.2 MPH) (infield hit)
Jordy Wovchanoff to second
Batting: RHB Lon Leseberg 0-0: Ball
1-0: Called Strike
1-1: Fielders Choice at 2nd, 1-6 (Groundball, 13, EV 68.1 MPH)
Jordy Wovchanoff to third
Batting: LHB Tuck Vrsek 0-0: Ball
Lon Leseberg steals 2nd base
1-0: Swinging Strike
1-1: Swinging Strike
1-2: Strikes out swinging
Batting: LHB Sully Volpe 0-0: Called Strike
0-1: Ball
1-1: Called Strike
1-2: Strikes out looking
Top of the 1st over - 0 runs, 1 hit, 0 errors, 2 left on base; New Orleans 0 - Santo Domingo 0
BOTTOM OF THE 1ST
Santo Domingo Rum Runners batting - Pitching for New Orleans Voodoo : RHP Drew Daniels
Pitching: RHP Drew Daniels
Batting: RHB Kenny West 0-0: Foul Ball, location: 2F
0-1: Called Strike
0-2: Ball
1-2: DOUBLE (Line Drive, 89D, EV 110.0 MPH)
Batting: LHB Lester Bridges 0-0: Ball
1-0: Foul Ball, location: 2F
1-1: Ball
2-1: Ball
3-1: Swinging Strike
3-2: Strikes out swinging
Batting: LHB Damon Casebier 0-0: Ball
Kenny West steals 3rd base
1-0: Called Strike
1-1: Ball
2-1: Ball
3-1: SINGLE (Flyball, 8LS, EV 91.9 MPH)
Kenny West scores
Batting: LHB Ronald Anderson 0-0: Ball
Damon Casebier is caught stealing 2nd base 2-6
1-0: Fly out, F9 (Line Drive, 9, EV 106.9 MPH)
Bottom of the 1st over - 1 run, 2 hits, 0 errors, 0 left on base; New Orleans 0 - Santo Domingo 1
TOP OF THE 2ND
New Orleans Voodoo batting - Pitching for Santo Domingo Rum Runners : RHP Jaeden Winstead
Batting: RHB Jefferson Turner 0-0: Called Strike
0-1: Called Strike
0-2: Strikes out swinging
Batting: RHB Peyton Ames 0-0: Ball
1-0: Called Strike
1-1: Ball
2-1: Called Strike
2-2: Strikes out swinging
Batting: SHB Jaden Maldonado 0-0: Ball
1-0: Ball
2-0: Ball
3-0: Base on Balls
Batting: RHB Dane Jennings 0-0: Called Strike
Jaden Maldonado steals 2nd base
0-1: Ball
1-1: Ball
2-1: Foul Ball, location: 2F
2-2: Strikes out looking
Top of the 2nd over - 0 runs, 0 hits, 0 errors, 1 left on base; New Orleans 0 - Santo Domingo 1
BOTTOM OF THE 2ND
Santo Domingo Rum Runners batting - Pitching for New Orleans Voodoo : RHP Drew Daniels
Batting: RHB Gage Hay 0-0: Ball
1-0: Swinging Strike
1-1: Ball
2-1: Swinging Strike
2-2: Strikes out swinging, 2-3 out at first.
Batting: LHB Larry Collier 0-0: Ball
1-0: Ground out 3-1 (Groundball, 34, EV 81.9 MPH)
Batting: RHB Payton Weinberg 0-0: Ball
1-0: Ball
2-0: Called Strike
2-1: Fly out, F7 (Flyball, 7, EV 91.2 MPH)
Bottom of the 2nd over - 0 runs, 0 hits, 0 errors, 0 left on base; New Orleans 0 - Santo Domingo 1
TOP OF THE 3RD
New Orleans Voodoo batting - Pitching for Santo Domingo Rum Runners : RHP Jaeden Winstead
Batting: LHB Jordy Wovchanoff 0-0: Called Strike
0-1: Ball
1-1: Foul Ball, location: 2F
1-2: Strikes out swinging
Batting: LHB Daryl Walken 0-0: Foul Ball, location: 2F
0-1: Swinging Strike
0-2: Strikes out swinging
Batting: RHB Lon Leseberg 0-0: Ball
1-0: Ball
2-0: Ball
3-0: Base on Balls
Batting: LHB Tuck Vrsek 0-0: Called Strike
0-1: Called Strike
0-2: Foul Ball, location: 2F
0-2: Fielders Choice at 2nd, 6-4 (Groundball, 6, EV 83.8 MPH)
Top of the 3rd over - 0 runs, 0 hits, 0 errors, 1 left on base; New Orleans 0 - Santo Domingo 1
BOTTOM OF THE 3RD
Santo Domingo Rum Runners batting - Pitching for New Orleans Voodoo : RHP Drew Daniels
Batting: RHB Devin Geertz 0-0: Ground out 6-3 (Groundball, 56, EV 85.6 MPH)
Batting: RHB Devain Ecevit 0-0: Ground out U3 (Groundball, 34, EV 88.1 MPH)
Batting: RHB Kenny West 0-0: Called Strike
0-1: DOUBLE (Line Drive, 7LS, EV 98.1 MPH)
Batting: LHB Lester Bridges 0-0: Ball
1-0: Ball
2-0: Called Strike
2-1: Ball
Kenny West steals 3rd base (no throw)
3-1: Base on Balls
Batting: LHB Damon Casebier 0-0: Called Strike
0-1: Ball
1-1: Swinging Strike
1-2: Strikes out swinging
Bottom of the 3rd over - 0 runs, 1 hit, 0 errors, 2 left on base; New Orleans 0 - Santo Domingo 1
TOP OF THE 4TH
New Orleans Voodoo batting - Pitching for Santo Domingo Rum Runners : RHP Jaeden Winstead
Batting: LHB Sully Volpe 0-0: Ball
1-0: Fly out, F9 (Flyball, 9LM, EV 94.4 MPH)
Batting: RHB Jefferson Turner 0-0: Foul Ball, location: 2F
0-1: Swinging Strike
0-2: Foul Ball, location: 2F
0-2: Strikes out swinging
Batting: RHB Peyton Ames 0-0: Called Strike
0-1: Called Strike
0-2: Strikes out swinging
Top of the 4th over - 0 runs, 0 hits, 0 errors, 0 left on base; New Orleans 0 - Santo Domingo 1
BOTTOM OF THE 4TH
Santo Domingo Rum Runners batting - Pitching for New Orleans Voodoo : RHP Drew Daniels
Batting: LHB Ronald Anderson 0-0: Ball
1-0: Ball
2-0: Foul Ball, location: 2F
2-1: Foul Ball, location: 2F
2-2: Ball
3-2: Foul Ball, location: 2F
3-2: Strikes out swinging
Batting: RHB Gage Hay 0-0: Ball
1-0: SINGLE (Line Drive, 8LS, EV 100.0 MPH)
Batting: LHB Larry Collier 0-0: Ball
1-0: Foul Ball, location: 2F
1-1: Foul Ball, location: 2F
1-2: Ball
2-2: Ball
3-2: Foul Ball, location: 2F
3-2: Foul Ball, location: 2F
3-2: Strikes out swinging
Gage Hay steals 2nd base
Batter strikes out.
Batting: RHB Payton Weinberg 0-0: Swinging Strike
0-1: Ball
1-1: Foul Ball, location: 2F
1-2: Ground out 5-3 (Groundball, 56S, EV 61.2 MPH)
Bottom of the 4th over - 0 runs, 1 hit, 0 errors, 1 left on base; New Orleans 0 - Santo Domingo 1
TOP OF THE 5TH
New Orleans Voodoo batting - Pitching for Santo Domingo Rum Runners : RHP Jaeden Winstead
Batting: SHB Jaden Maldonado 0-0: Called Strike
0-1: Ground out U3 (Groundball, 34, EV 82.5 MPH)
Batting: RHB Dane Jennings 0-0: Called Strike
0-1: Fly out, F8 (Flyball, 89M, EV 91.9 MPH)
Batting: LHB Jordy Wovchanoff 0-0: Ball
1-0: Called Strike
1-1: Foul Ball, location: 2F
1-2: Ball
2-2: Ball
3-2: Strikes out swinging
Top of the 5th over - 0 runs, 0 hits, 0 errors, 0 left on base; New Orleans 0 - Santo Domingo 1
BOTTOM OF THE 5TH
Santo Domingo Rum Runners batting - Pitching for New Orleans Voodoo : RHP Drew Daniels
Batting: RHB Devin Geertz 0-0: Called Strike
0-1: Ball
1-1: Ball
2-1: Foul Ball, location: 2F
2-2: Fly out, F3 (Line Drive, 3, EV 69.4 MPH)
Batting: RHB Devain Ecevit 0-0: Fly out, F8 (Flyball, 8LM, EV 73.8 MPH)
Batting: RHB Kenny West 0-0: Swinging Strike
0-1: Ball
1-1: Swinging Strike
1-2: Ball
2-2: Ground out U3 (Groundball, 34S, EV 74.4 MPH)
Bottom of the 5th over - 0 runs, 0 hits, 0 errors, 0 left on base; New Orleans 0 - Santo Domingo 1
TOP OF THE 6TH
New Orleans Voodoo batting - Pitching for Santo Domingo Rum Runners : RHP Jaeden Winstead
Batting: LHB Daryl Walken 0-0: SINGLE (Line Drive, 9LM, EV 87.5 MPH)
Batting: RHB Lon Leseberg 0-0: TRIPLE (Flyball, 9LD, EV 104.4 MPH)
Daryl Walken scores
Batting: LHB Tuck Vrsek 0-0: Intentional Walk
Batting: LHB Sully Volpe 0-0: SINGLE (Line Drive, 7S, EV 109.4 MPH)
Lon Leseberg scores
Tuck Vrsek to second
Batting: RHB Jefferson Turner 0-0: Ball
1-0: Ball
2-0: Called Strike
2-1: Called Strike
2-2: Strikes out swinging
Batting: RHB Peyton Ames 0-0: Fly out, F8 (Flyball, 8RM, EV 95.0 MPH)
Batting: SHB Jaden Maldonado 0-0: Fly out, F9 (Flyball, 89M, EV 80.0 MPH)
Top of the 6th over - 2 runs, 3 hits, 0 errors, 2 left on base; New Orleans 2 - Santo Domingo 1
BOTTOM OF THE 6TH
Santo Domingo Rum Runners batting - Pitching for New Orleans Voodoo : RHP Drew Daniels
Batting: LHB Lester Bridges 0-0: Foul Ball, location: 2F
0-1: Called Strike
0-2: Ball
1-2: Ball
2-2: Ball
3-2: Fly out, F4 (Popup, 34D, EV 68.1 MPH)
Batting: LHB Damon Casebier 0-0: Ball
1-0: Ball
2-0: Foul Ball, location: 2F
2-1: Foul Ball, location: 2F
2-2: Ball
3-2: Strikes out looking
Batting: LHB Ronald Anderson 0-0: Ground out U3 (Groundball, 3, EV 88.1 MPH)
Bottom of the 6th over - 0 runs, 0 hits, 0 errors, 0 left on base; New Orleans 2 - Santo Domingo 1
TOP OF THE 7TH
New Orleans Voodoo batting - Pitching for Santo Domingo Rum Runners : RHP Jaeden Winstead
Batting: RHB Dane Jennings 0-0: Swinging Strike
0-1: Ball
1-1: Ball
2-1: Foul Ball, location: 2F
2-2: Fly out, F7 (Line Drive, 7, EV 85.0 MPH)
Batting: LHB Jordy Wovchanoff 0-0: Ball
1-0: Ball
2-0: SINGLE (Line Drive, 7LS, EV 102.5 MPH)
Batting: LHB Daryl Walken 0-0: Ball
1-0: Called Strike
1-1: Ball
2-1: Foul Ball, location: 2F
2-2: Ball
Jordy Wovchanoff steals 2nd base
3-2: Base on Balls
Batting: RHB Lon Leseberg 0-0: Ball
1-0: Ball
2-0: Ball
3-0: Called Strike
3-1: Called Strike
3-2: SINGLE (Groundball, 6S, EV 66.9 MPH) (infield hit)
Jordy Wovchanoff to third
Daryl Walken to second
Batting: LHB Tuck Vrsek 0-0: Foul Ball, location: 2F
0-1: Ball
1-1: Foul Ball, location: 2F
1-2: Ball
2-2: Ball
3-2: Base on Balls
Jordy Wovchanoff scores
Daryl Walken to third
Lon Leseberg to second
Batting: LHB Sully Volpe 0-0: Swinging Strike
0-1: Swinging Strike
0-2: Fly out, F9 (Flyball, 9, EV 94.4 MPH)
Pitching: LHP Tyler Wolfe
Batting: RHB Jefferson Turner 0-0: Ball
1-0: Called Strike
1-1: Swinging Strike
1-2: Foul Ball, location: 2F
1-2: Fly out, F8 (Line Drive, 8RM, EV 98.8 MPH)
Top of the 7th over - 1 run, 2 hits, 0 errors, 3 left on base; New Orleans 3 - Santo Domingo 1
BOTTOM OF THE 7TH
Santo Domingo Rum Runners batting - Pitching for New Orleans Voodoo : RHP Drew Daniels
Batting: RHB Gage Hay 0-0: Ball
1-0: Ball
2-0: Foul Ball, location: 2F
2-1: DOUBLE (Line Drive, 7LS, EV 104.4 MPH)
Batting: LHB Larry Collier 0-0: Ball
1-0: Foul Ball, location: 2F
1-1: Foul Ball, location: 2F
1-2: Ball
2-2: Foul Ball, location: 2F
2-2: SINGLE (Flyball, 78S, EV 88.1 MPH)
Gage Hay to third
Runner from 3rd tries for Home, SAFE, throw by LF to home
Pitching: LHP Clinton Yates
Batting: RHB Payton Weinberg 0-0: Sac Bunt to 15S - play at first, batter OUT! 1-3
Larry Collier to second
Batting: RHB Devin Geertz 0-0: Ball
1-0: Ground out 6-3 (Groundball, 6D, EV 81.9 MPH)
Batting: RHB Devain Ecevit 0-0: Ball
1-0: Called Strike
1-1: Foul Ball, location: 2F
1-2: Strikes out swinging
Bottom of the 7th over - 1 run, 2 hits, 0 errors, 1 left on base; New Orleans 3 - Santo Domingo 2
TOP OF THE 8TH
New Orleans Voodoo batting - Pitching for Santo Domingo Rum Runners : LHP Tyler Wolfe
Batting: RHB Peyton Ames 0-0: Ball
1-0: Ball
2-0: DOUBLE (Line Drive, 5D, EV 95.6 MPH)
Batting: SHB Jaden Maldonado 0-0: Swinging Strike
0-1: Ball
1-1: Foul Ball, location: 2F
1-2: Ball
2-2: Strikes out swinging
Batting: RHB Dane Jennings 0-0: Intentional Walk
Pinch Hitting: RHB Tyson Dodd 0-0: Swinging Strike
0-1: Ball
1-1: Swinging Strike
1-2: Ball
2-2: Strikes out swinging
Pinch Hitting: RHB Darrin Cramer 0-0: Foul Ball, location: 2F
0-1: Foul Ball, location: 2F
0-2: Foul Ball, location: 2F
0-2: Ball
1-2: Ball
2-2: Strikes out swinging
Top of the 8th over - 0 runs, 1 hit, 0 errors, 2 left on base; New Orleans 3 - Santo Domingo 2
BOTTOM OF THE 8TH
Santo Domingo Rum Runners batting - Pitching for New Orleans Voodoo : LHP Clinton Yates
Now at 2B: D'Angelo James
Now in CF: Lon Leseberg
Now in RF: Darrin Cramer
Batting: RHB Kenny West 0-0: Ball
1-0: Ground out 6-3 (Groundball, 6, EV 84.4 MPH)
Pinch Hitting: RHB Braeden Shute 0-0: Called Strike
0-1: Ball
1-1: Swinging Strike
1-2: Strikes out swinging
Batting: LHB Damon Casebier 0-0: Ball
1-0: Called Strike
1-1: Ball
2-1: Foul Ball, location: 2F
2-2: Ball
3-2: Strikes out swinging
Bottom of the 8th over - 0 runs, 0 hits, 0 errors, 0 left on base; New Orleans 3 - Santo Domingo 2
TOP OF THE 9TH
New Orleans Voodoo batting - Pitching for Santo Domingo Rum Runners : LHP Tyler Wolfe
Now at 1B: Kolby Carter
Batting: RHB Lon Leseberg 0-0: Ball
1-0: Fly out, F7 (Flyball, 78S, EV 88.8 MPH)
Batting: LHB Tuck Vrsek 0-0: Ground out 4-3 (Groundball, 4, EV 90.6 MPH)
Batting: LHB Sully Volpe 0-0: Ground out 4-3 (Groundball, 4, EV 78.1 MPH)
Top of the 9th over - 0 runs, 0 hits, 0 errors, 0 left on base; New Orleans 3 - Santo Domingo 2
BOTTOM OF THE 9TH
Santo Domingo Rum Runners batting - Pitching for New Orleans Voodoo : LHP Clinton Yates
Batting: LHB Ronald Anderson 0-0: Ball
1-0: Swinging Strike
1-1: Foul Ball, location: 2F
1-2: Foul Ball, location: 2F
1-2: Ball
2-2: Fly out, F8 (Flyball, 8LM, EV 88.8 MPH)
Batting: RHB Gage Hay 0-0: Swinging Strike
0-1: Ball
1-1: Foul Ball, location: 2F
1-2: Ball
2-2: Ball
3-2: Strikes out swinging
Batting: LHB Larry Collier 0-0: Fly out, F8 (Flyball, 8LD, EV 100.0 MPH)
Bottom of the 9th over - 0 runs, 0 hits, 0 errors, 0 left on base; New Orleans 3 - Santo Domingo 2
Sunday, March 3rd , 2024 - OOTP Baseball 23.10 Build 110